 Dungeon Crawl Stone Soup version 0.24-a0-520-g8fd06ad0bc (webtiles) character file.

Game seed: 8550435833015100036

123 KristoblXynda the Slasher (level 4, 0/36 HPs)
             Began as a Draconian Skald on July 27, 2019.
             Slain by an orc
             ... wielding a +0 club
              (2 damage)
             ... on level 2 of the Dungeon.
             The game lasted 00:03:17 (2016 turns).

KristoblXynda the Slasher (Draconian Skald)         Turns: 2016, Time: 00:03:18

Health: 0/36       AC:  5    Str: 13    XL:     4   Next: 80%
Magic:  3/7        EV: 13    Int: 14    God:
Gold:   180        SH:  0    Dex: 11    Spells: 0/7 levels left

rFire    . . .     SeeInvis .   h - +0 dagger (freeze)
rCold    . . .     Gourm    .   (no shield)
rNeg     . . .     Faith    .   (armour unavailable)
rPois    .         Spirit   .   (helmet restricted)
rElec    .         Reflect  .   (no cloak)
rCorr    .         Harm     .   (no gloves)
MR       .....                  (no boots)
Stlth    +.........             (no amulet)
HPRegen  0.12/turn              (no ring)
MPRegen  0.10/turn              (no ring)

@: lethally poisoned (0 -> -3), flying
A: unfitting armour, cold-blooded, AC +5
a: no special abilities


You were on level 2 of the Dungeon.
You were hungry.

You visited 1 branch of the dungeon, and saw 2 of its levels.

You collected 180 gold pieces.

Inventory:

Hand Weapons
 a - a +0 falchion
 h - a +0 dagger of freezing (weapon)
Jewellery
 d - an uncursed ring of fire
Scrolls
 b - a scroll of immolation {unknown}
 f - a scroll of fog {unknown}
 n - a scroll of amnesia {unknown}
Potions
 e - 2 potions of invisibility
 g - 2 potions of agility
 m - a potion of heal wounds {unknown}
Comestibles
 c - 4 rations


   Skills:
 - Level 2.1 Fighting
 * Level 3.8 Long Blades
 + Level 3.0 Dodging
 - Level 2.0 Spellcasting
 + Level 3.4 Charms


You couldn't memorise any spells.
You knew the following spells:

 Your Spells              Type           Power        Failure   Level  Hunger
a - Infusion              Chrm           ##..         6%          1    ##.....
b - Regeneration          Chrm/Necr      #.........   34%         3    ####...
c - Spectral Weapon       Hex/Chrm       #.......     34%         3    ####...

Your spell library contained the following spells:

 Spells                   Type           Power        Failure   Level  Hunger
 Song of Slaying          Chrm           ##......     9%          2    ###....
 Shroud of Golubria       Chrm/Tloc      #.....       19%         2    ###....


Dungeon Overview and Level Annotations

Branches:
Dungeon (2/15)

Altars:


Innate Abilities, Weirdness & Mutations

Your plain brown scales are hard. (AC +5)
You cannot fit into any form of body armour.
You are cold-blooded and may be slowed by cold attacks.


Message History

You feel sick. The orc barely misses you.
You see here a +0 trident.
You completely miss the orc.
You feel sick. The orc hits you with a +0 club.
* * * LOW HITPOINT WARNING * * *
You hit the orc. You freeze the orc.
The orc is almost dead.
You are no longer magically infusing your attacks.
The orc closely misses you.
You completely miss the orc.
The orc is almost dead.
The orc hits you with a +0 club.
* * * LOW HITPOINT WARNING * * *
Unknown command.
It was a potion of flight.
You feel very buoyant.
You fly up into the air.
* * * LOW HITPOINT WARNING * * *
You feel sick. The orc hits you with a +0 club.
You die...

#####..........#.......†.......#
########.#.########..#####..####
....####.#.# #.## #.##
###...##.#.###### #.# ###.# #
###...........###.# #...#
####.#.####.....# #.###
#######....# ###<######.#
#....##...#######)####...#####
#....#.)........@o.............
#......(#########......#######.
#......#.####.........#######
#.......oo.##................
#####...##.##........#.......
#####..###.##........#.......
#......# #..((###.##.........
).###..# ####.###....#####.##
[## #..# ###.(##..### .#


You could see an orc.

Vanquished Creatures
  An orc priest (D:2)
  4 gnolls (D:2)
  2 dart slugs
  3 orcs
  2 giant cockroaches (D:1)
  8 goblins
  6 hobgoblins
  5 kobolds
  2 ball pythons
  9 bats
  4 frilled lizards
  3 rats
49 creatures vanquished.

Notes
Turn   | Place    | Note
-------+----------+-------------------------------------------
     0 | D:1      | KristoblXynda the Draconian Skald began the quest for the
                  | Orb.
     0 | D:1      | Reached XP level 1. HP: 17/17 MP: 3/3
   309 | D:1      | Reached XP level 2. HP: 24/24 MP: 5/5
  1126 | D:1      | Reached XP level 3. HP: 29/29 MP: 6/6
  1259 | D:1      | Learned a level 3 spell: Regeneration
  1619 | D:2      | Reached XP level 4. HP: 12/36 MP: 0/7
  1822 | D:2      | Learned a level 3 spell: Spectral Weapon
  2016 | D:2      | Slain by an orc

Levels and vault maps discovered:
D:1:      onia_arrival_pyramid, layout_loops_corners
D:2:      layout_rooms

Skill      XL: |  1  2  3  4 |
---------------+-------------+-----
Charms         | 3 |  3.4
Long Blades    | 3 |  3.8
Dodging        | 3 |  3.0
Fighting       | |  2.1
Spellcasting   | |  2.0

Action                   |  1- 3 |  4- 6 || total
-------------------------+-------+-------++-------
Melee: Falchion          |    39 |       ||    39
       Tailslap          |    16 |     4 ||    20
       Dagger            |    99 |    33 ||   132
 Cast: Infusion          |     1 |     3 ||     4
  Use: Scroll            |       |     2 ||     2
       Potion            |       |     2 ||     2
  Eat: Chunk             |     2 |     1 ||     3
Armor: Skin              |    42 |     9 ||    51
Dodge: Dodged            |    88 |    27 ||   115
       Rpst.: Falchion   |    12 |       ||    12

Table legend:
 A = Non-vault XP
 B = Vault XP
 C = Vault XP percentage of total XP
 D = Non-vault monster count
 E = Vault monster count
 F = Vault count percentage of total count
                 A         B        C        D         E       F
            +---------+---------+-------+---------+---------+-------
      Total |     177 |       0 |   0.0 |      49 |       0 |   0.0
            +---------+---------+-------+---------+---------+-------
        D:1 |      47 |       0 |   0.0 |      27 |       0 |   0.0
        D:2 |     130 |       0 |   0.0 |      22 |       0 |   0.0
            +---------+---------+-------+---------+---------+-------
